 Dungeon Crawl Stone Soup version 0.29-a0-39-g581ba40fa7 (webtiles) character file.

Game seed: 5589037167188331237

8692 Majang the Slicer (level 11, -7/58 HPs)
             Began as a Vampire Gladiator on Feb 1, 2022.
             Was an Elder of Hepliaklqana.
             Mangled by a cane toad (11 damage)
             ... on level 1 of the Lair of Beasts.
             The game lasted 00:51:30 (14054 turns).

Majang the Slicer (Vampire Gladiator)              Turns: 14054, Time: 00:51:30

Health: -7/58      AC:  0    Str: 13 (15) XL:     11   Next: 13%
Magic:  12/14      EV: 25    Int:  9 (11) God:    Hepliaklqana [****..]
Gold:   608        SH:  0    Dex: 21 (23) Spells: 10/10 levels left

rFire   . . .      SeeInvis +   (weapon currently unavailable)
rCold   + + .      Faith    .   (shield currently unavailable)
rNeg    + + +      Spirit   .   (armour currently unavailable)
rPois   ∞          Reflect  .   (helmet currently unavailable)
rElec   .          Harm     .   (cloak currently unavailable)
rCorr   .          Rampage  .   (gloves currently unavailable)
Will    +....                   (boots currently unavailable)
Stlth   ++++++....              (no amulet)
HPRegen 0.00/turn               (ring currently unavailable)
MPRegen 0.14/turn               (ring currently unavailable)

@: bat-form, flying, bloodless, inhibited regen, very quick
A: fast, flying, no casting, reduced essence, tiny, bloodless, fangs 3, see
invisible, vampiric 2
a: Revivify, End Transformation, Renounce Religion, Recall Ancestor, Ancestor
Identity, Transference, Idealise


You were on level 1 of the Lair of Beasts.
You worshipped Hepliaklqana.
Hepliaklqana was greatly pleased with you.
You were a vampire bat.
You visited 3 branches of the dungeon, and saw 12 of its levels.
You also visited: Bailey.

You collected 608 gold pieces.

Inventory:

Hand Weapons
 a - a +3 falchion of flaming
 b - a +5 short sword (melded)
 j - a +0 scimitar
 k - a +2 dagger of electrocution
Missiles
 d - 3 throwing nets (quivered)
Armour
 c - a +1 helmet (melded)
 w - a +0 cloak (melded)
 z - a +0 leather armour (melded)
Jewellery
 i - a ring of flight (melded)
 q - an amulet of faith
Wands
 e - a wand of flame (34)
 n - a wand of iceblast (17)
 u - a wand of charming (6)
 x - a wand of polymorph (5)
Scrolls
 f - a scroll of magic mapping
 r - 4 scrolls of teleportation
 y - a scroll of fog
Potions
 g - a potion of berserk rage
 h - 2 potions of brilliance
 l - a potion of flight
 m - 3 potions of cancellation
 o - 2 potions of resistance
 p - 2 potions of might
 s - a potion of ambrosia
 t - 5 potions of curing
 A - a potion of mutation


   Skills:
 + Level 6.6 Fighting
 + Level 11.0(11.3) Short Blades
 * Level 3.4(7.3) Long Blades
 - Level 1.5 Throwing
 + Level 4.3 Armour
 + Level 6.8 Dodging
 + Level 8.4 Stealth
 + Level 4.8 Invocations
 + Level 4.7 Evocations


You had 10 spell levels left.
You didn't know any spells.
Your spell library contained the following spells:

 Spells                   Type           Power      Damage    Failure   Level
 Pain                     Necr           0%         1d4       38%         1
 Corpse Rot               Necr/Air       0%         N/A       52%         2
 Dazzling Flash           Conj/Hex       0%         N/A       77%         3
 Dispel Undead            Necr           0%         3d6       99%         4
 Iskenderun's Mystic Bla  Conj/Tloc      0%         2d3       99%         4
 Yara's Violent Unravell  Hex/Tmut       0%         3d3       100%        5
 Death Channel            Necr           0%         N/A       100%        6
 Simulacrum               Ice/Necr       0%         N/A       100%        6
 Starburst                Conj/Fire      0%         6d3       100%        6
 Statue Form              Tmut/Erth      0%         N/A       100%        6


Dungeon Overview and Level Annotations

Branches:
Dungeon (10/15)            Temple (1/1) D:4            Lair (1/6) D:10
 Bailey (visited)
    Orc: D:9-12

Altars:
Ashenzari
Cheibriados
Dithmenos
Elyvilon
Fedhas
Gozag
Hepliaklqana
Kikubaaqudgha
Makhleb
Nemelex Xobeh
Okawaru
Qazlal
Ru
Sif Muna
Trog
Uskayaw
Vehumet
Wu Jian
Xom
Yredelemnul
Zin
The Shining One

Shops:
D:1 (   D:5 (   D:10 =

Annotations:
D:7 1 runed translucent door
D:9 2 transporters, exclusion: oklob plant, anet's ghost, novice HOCj
D:10 1 runed translucent door


Innate Abilities, Weirdness & Mutations

You are a vampire bat.
You are tiny and dextrous.
You move quickly.
You are flying.
You are immune to poison.
Your equipment is almost entirely melded.
You are incapable of wielding weapons or throwing items.
You cannot cast spells.
Your life essence is reduced to manifest your ancestor. (-10% HP)
You do not regenerate when monsters are visible.
You are frail without blood (-20% HP).
You can heal yourself when you bite living creatures.
You are immune to poison.
You have razor-sharp teeth.
You have supernaturally acute eyesight. (SInv)
You are afflicted with vampirism and can become a bat while bloodless.


Message History

You hit the cane toad.
The cane toad is lightly wounded.
The cane toad stings you!
Eumel hits the cane toad with a +0 dagger of draining.
You hit the cane toad but do no damage. You bite the cane toad.
You draw the cane toad's blood!
You feel better.
The cane toad is moderately wounded.
You hit the cane toad.
The cane toad is moderately wounded.
The cane toad barely misses you.
Eumel barely misses the cane toad.
You hit the cane toad but do no damage. You bite the cane toad.
You draw the cane toad's blood!
You feel better.
The cane toad is heavily wounded.
The cane toad barely misses you.
You hit the cane toad.
The cane toad is heavily wounded.
Eumel hits the cane toad with a +0 dagger of draining.
The cane toad stings you!!
* * * LOW HITPOINT WARNING * * *
You barely miss the cane toad.
The cane toad is severely wounded.
You barely miss the cane toad.
The cane toad is severely wounded.
Eumel hits the cane toad with a +0 dagger of draining.
Eumel drains the cane toad.
The cane toad stings you.
* * * LOW HITPOINT WARNING * * *
Eumel hits the cane toad with a +0 dagger of draining.
You closely miss the cane toad.
The cane toad is severely wounded.
Okay, then.
You turn into a vampire bat.
Your +5 short sword melds into your body.
Your +0 cloak melds into your body.
Your +1 helmet melds into your body.
Your +0 leather armour melds into your body.
Your ring of flight melds into your body.
You float gracefully downwards.
You feel weakened.
You feel dopey.
You feel clumsy. The cane toad completely misses you.
Eumel barely misses the cane toad.
The cane toad stings you!
You die...

..#.......#..............#
..#.......#.####.##.##...#
.......... .# ## ##..##
.......... .P #...#
..P....... #..## ..P.##+
#..## ..... ##..P# .....
### ##...## ....
...####b####....# ##
.......FR.......#
.#.##...........# .
....#..........P#
.....#..........## #...
#..........# ..P
#..........PP#
...............P.#
..##$##.###..##


You could see the friendly Eumel the hexer and a cane toad (drained, ally
target).

Vanquished Creatures
  A cyclops (D:10)
  A rime drake (Lair:1)
  2 komodo dragons (Lair:1)
  2 trolls
  Grinder (D:3)
  Sigmund (D:3)
  7 yaks
  3 wyverns
  A basilisk (D:10)
  2 vampire mosquitoes
  3 water moccasins (D:10)
  An ice beast (D:6)
  An orc warrior (D:3)
  A sky beast (D:4)
  A black bear (D:6)
  2 ogres
  2 centaurs
  A phantom (D:6)
  2 kobold brigands
  2 bullfrogs
  2 wyvern zombies
  4 scorpions
  A water moccasin zombie (D:5)
  3 killer bees
  2 howler monkeys
  4 wights
  2 centaur zombies
  3 orc priests
  A jelly (D:8)
  A gnoll shaman (D:4)
  4 iguanas (D:5)
  3 orc wizards
  A hound zombie (D:5)
  2 hound skeletons (D:4)
  A howler monkey zombie (D:9)
  4 gnolls
  An adder (D:2)
  2 white imps
  An adder skeleton (D:4)
  4 dart slugs
  17 orcs
  9 endoplasms
  7 giant cockroaches
  3 goblins
  7 hobgoblins
  4 jackals
  2 quokkas
  9 ball pythons
  4 bats
  3 frilled lizards
  18 kobolds
  4 rats
  A butterfly (D:7)
171 creatures vanquished.

Vanquished Creatures (collateral kills)
  A hornet (D:8)
  A wyvern (D:10)
  2 yaks (D:9)
  2 basilisks (D:10)
  A water moccasin (D:7)
  3 orc warriors
  A centaur (D:6)
  5 scorpions
  A wyvern skeleton (D:7)
  3 killer bees
  A howler monkey (D:7)
  3 wights
  A bullfrog zombie (D:6)
  A centaur skeleton (D:7)
  An orc wizard (D:7)
  An iguana (D:7)
  A howler monkey zombie (D:9)
  4 gnolls
  6 orcs
  4 giant cockroaches (D:7)
  A goblin (D:7)
  A hobgoblin (D:7)
  2 kobolds (D:8)
47 creatures vanquished.

Vanquished Creatures (others)
  2 hexers
  3 ancestors
  A bush (D:10)
  6 fungi
  15 plants
27 creatures vanquished.

Grand Total: 245 creatures vanquished

Notes
Turn   | Place    | Note
-------+----------+-------------------------------------------
     0 | D:1      | Majang the Vampire Gladiator began the quest for the Orb.
     0 | D:1      | Reached XP level 1. HP: 16/16 MP: 1/1
    46 | D:1      | Found Heost's Weapon Emporium.
   233 | D:1      | Reached XP level 2. HP: 22/22 MP: 2/2
   293 | D:1      | Found a faded altar of an unknown god.
   564 | D:1      | Reached skill level 4 in Short Blades
  1322 | D:2      | Gained mutation: You are afflicted with vampirism and can
                  | become a bat while bloodless. [Vampire growth]
  1322 | D:2      | Reached XP level 3. HP: 22/27 MP: 3/3
  1910 | D:3      | Noticed Sigmund
  1943 | D:3      | Noticed Grinder
  1952 | D:3      | Paralysed by Grinder for 2 turns
  1962 | D:3      | Killed Grinder
  1963 | D:3      | Reached skill level 6 in Short Blades
  1963 | D:3      | Reached XP level 4. HP: 35/35 MP: 4/4
  1963 | D:3      | Reached XP level 5. HP: 41/41 MP: 5/5
  1970 | D:3      | Noticed an orc warrior
  1972 | D:3      | Killed Sigmund
  1973 | D:3      | Reached skill level 7 in Short Blades
  1973 | D:3      | Reached XP level 6. HP: 44/48 MP: 6/6
  1974 | D:3      | Killed an orc warrior
  1975 | D:3      | Reached XP level 7. HP: 51/54 MP: 7/7
  2131 | D:3      | Found a faded altar of an unknown god.
  2131 | D:3      | Found a hazy altar of Hepliaklqana.
  2133 | D:3      | Found a faded altar of an unknown god.
  2144 | D:3      | Became a worshipper of Hepliaklqana the Forgotten
  2460 | D:4      | Reached skill level 1 in Stealth
  2682 | D:4      | Found a bloodstained altar of Trog.
  2795 | D:4      | Found a staircase to the Ecumenical Temple.
  2817 | Temple   | Entered the Ecumenical Temple
  2844 | D:4      | Reached skill level 1 in Invocations
  2961 | D:4      | Found a sparkling altar of Nemelex Xobeh.
  3124 | D:4      | Reached * piety under Hepliaklqana
  3274 | D:5      | Entered Level 5 of the Dungeon
  3297 | D:4      | Reached skill level 1 in Armour
  3297 | D:4      | Reached skill level 1 in Evocations
  3478 | D:5      | Reached skill level 8 in Short Blades
  3766 | D:4      | Reached XP level 8. HP: 26/54 MP: 9/9
  4321 | D:5      | Found Hiox's Weapon Boutique.
  5243 | D:6      | Reached skill level 5 in Fighting
  5749 | D:6      | Found a hide-covered altar of Uskayaw.
  5755 | D:6      | Reached ** piety under Hepliaklqana
  5756 | D:6      | Remembered your ancestor Eumel as a hexer
  5760 | D:6      | Reached skill level 9 in Short Blades
  6195 | D:7      | Reached XP level 9. HP: 45/47 MP: 10/10
  6230 | D:7      | Found a flagged portal.
  6440 | Bailey   | Entered a bailey
  6728 | D:7      | Got the Reference Book on Dark Changing
  6832 | D:7      | Reached skill level 5 in Stealth
  7149 | D:7      | Found a runed translucent door.
  7150 | D:7      | Found a runed translucent door.
  7497 | D:7      | Found a sacrificial altar of Ru.
  7719 | D:7      | Reached skill level 5 in Dodging
  8975 | D:8      | Found a shimmering blue altar of Sif Muna.
  9040 | D:7      | Reached skill level 10 in Short Blades
 10122 | D:8      | Found a burning altar of Makhleb.
 10475 | D:9      | Found a transporter.
 10497 | D:9      | Found a transporter.
 10502 | D:9      | Noticed a manticore
 10540 | D:9      | Noticed a troll
 10542 | D:9      | Noticed anet's ghost (novice HOCj)
 10558 | D:9      | Noticed an oklob plant
 10599 | D:9      | Reached XP level 10. HP: 53/53 MP: 12/12
 10610 | D:9      | Reached *** piety under Hepliaklqana
 11347 | D:10     | Entered Level 10 of the Dungeon
 11441 | D:10     | Noticed a sixfirhy
 11442 | D:10     | Found a runed translucent door.
 11444 | D:10     | Noticed a cyclops
 11709 | D:10     | Found Foluobot's Jewellery Shoppe.
 11724 | D:10     | Killed a cyclops
 11725 | D:10     | Reached skill level 1 in Long Blades
 12143 | D:10     | Found a staircase to the Lair.
 13601 | D:10     | Reached XP level 11. HP: 42/58 MP: 14/14
 13840 | D:10     | Reached **** piety under Hepliaklqana
 13935 | Lair:1   | Entered Level 1 of the Lair of Beasts
 13941 | Lair:1   | Reached skill level 11 in Short Blades
 14054 | Lair:1   | Mangled by a cane toad

Illustrated notes

Levels and vault maps discovered:
D:1:      saegor_arrival_under_anarchy, layout_basic, serial_shops, shop,
          shapermc_ecumenical_altar_ellora, minmay_shallow_snake_nest
D:2:      layout_loops_ring
D:3:      layout_rooms, nicolae_hepliaklqana_ecumenical_no_more, uniq_grinder,
          uniq_sigmund
D:4:      layout_loops_ring, nemelex_spade_bored_becter,
          mainiacjoe_overflow_boulevard, minmay_temple_entry_drinking_statues
D:5:      layout_loops_ring, serial_shops, nicolae_shop_bloodbath_and_beyond,
          kennysheep_generic_room_16
D:6:      layout_loops_cross, mainiacjoe_overflow_small_starburst
D:7:      lemuel_insect_pit, layout_basic, nicolae_ru_sacrificial_ziggurat,
          enter_bailey_4
D:8:      layout_gridville, mainiacjoe_overflow_tiny_flanked,
          mainiacjoe_overflow_alcove_4
D:9:      layout_roguey, nzn_ghost_randoct
D:10:     cheibrodos_shockbox, layout_cave_pods, minmay_lair_entry_grove,
          serial_shops, shop
Temple:   minmay_freezing_vapour_temple
Lair:1:   layout_chaotic_city, lemuel_fruit_fields, lemuel_fruit_tree,
          infiniplex_staircase_pool_2, grunt_megastairs_4

Skill      XL: |  1  2  3  4  5  6  7  8  9 10 11 |
---------------+----------------------------------+-----
Fighting       | 2 3 4 5 6 |  6.6
Short Blades   | 4 6 7 8 9 10 11 | 11.0
Stealth        | 2 4 6 8 |  8.4
Invocations    | 1 2 3 4 |  4.8
Armour         | 1 2 3 4 |  4.3
Evocations     | 1 2 3 4 |  4.7
Dodging        | 4 5 6 |  6.8
Long Blades    | 3 |  3.4
Throwing       | |  1.5

Action                   |  1- 3 |  4- 6 |  7- 9 | 10-12 || total
-------------------------+-------+-------+-------+-------++-------
Melee: Rapier            |   100 |       |   235 |       ||   335
       Bite              |     5 |       |    56 |    37 ||    98
       Punch             |     1 |       |     6 |     3 ||    10
       Falchion          |       |       |   181 |    39 ||   220
       Short sword       |       |       |    10 |   165 ||   175
Invok: Ancestor Life: He |       |       |     1 |       ||     1
       Ancestor Identity |       |       |     1 |       ||     1
       Recall Ancestor   |       |       |     2 |       ||     2
 Abil: Exsanguinate      |       |       |     2 |       ||     2
       Bat Form          |       |       |       |     1 ||     1
Evoke: Wand              |     4 |     5 |     5 |       ||    14
  Use: Potion            |     2 |       |       |     1 ||     3
       Scroll            |       |       |    16 |     3 ||    19
 Stab: Sleeping          |     4 |       |    11 |     9 ||    24
       Confused          |       |       |     1 |     7 ||     8
       Distracted        |       |       |     1 |     4 ||     5
       Invisible         |       |       |       |     3 ||     3
Armor: Leather armour    |    20 |       |    76 |     9 ||   105
Dodge: Dodged            |    47 |       |   285 |    97 ||   429

Table legend: (Time is in decaauts)
 A = Elapsed time spent in this place.
 B = Non-inter-level travel time spent in this place.
 C = Inter-level travel time spent in this place.
 D = Time resting spent in this place.
 E = Time spent auto-exploring this place.
 F = Levels seen in this place.
 G = Mean time per level.
                   A        B        C        D        E       F      G
               +--------+--------+--------+--------+--------+-----+--------+
         Total |  13949 |  13444 |    505 |   5246 |   5420 |  13 | 1073.0 |
       Dungeon |  13817 |  13313 |    504 |   5227 |   5391 |  10 | 1381.7 |
        Temple |      1 |      1 |      0 |      0 |      0 |   1 |    1.0 |
          Lair |    111 |    111 |      0 |     19 |     29 |   1 |  111.0 |
        Bailey |     18 |     18 |      0 |      0 |      0 |   1 |   18.0 |
               +--------+--------+--------+--------+--------+-----+--------+

Top non-repeatable levels by time:
     D:7: 2727 daAuts
     D:9: 2321 daAuts
     D:8: 1363 daAuts
    D:10: 1329 daAuts
     D:4: 1259 daAuts
     D:5: 1221 daAuts
     D:1: 1148 daAuts
     D:6: 995 daAuts
     D:3: 771 daAuts
     D:2: 678 daAuts
  Lair:1: 111 daAuts
  Bailey: 18 daAuts
  Temple: 1 daAuts
